 Dungeon Crawl Stone Soup version 0.24-a0-258-gb86c0f735e (webtiles) character file.

Game seed: 14741779306153433264

105448 Redear the Peltast (level 16, 0/110 HPs)
             Began as an Octopode Fighter on Apr 18, 2019.
             Was an Initiate of Gozag.
             Killed from afar by a manticore (14 damage)
             ... with a volley of spikes
             ... on level 4 of the Shoals on Apr 19, 2019.
             The game lasted 02:25:37 (32504 turns).

Redear the Peltast (Octopode Fighter)              Turns: 32504, Time: 02:25:38

Health: 0/110      AC:  4    Str: 23    XL:     16   Next: 41%
Magic:  17/20      EV: 20    Int: 18    God:    Gozag
Gold:   777        SH: 18    Dex: 17    Spells: 1/20 levels left

rFire    + + .     SeeInvis .   L - +6 scimitar (flame)
rCold    + . .     Gourm    .   b - +0 shield
rNeg     . . .     Faith    .   j - +2 hat
rPois    +         Spirit   .   p - +3 amulet of reflection
rElec    .         Reflect  +   t - ring of wizardry {Wiz+}
rCorr    .         Harm     .   a - +4 ring of intelligence
MR       +++..                  S - +5 ring of strength
Stlth    +++++.....             c - ring of protection from cold {rC+}
HPRegen  0.28/turn              f - ring of protection from fire {rF+}
MPRegen  0.17/turn              m - ring of protection from magic {MR+}
                                o - ring of poison resistance {rPois}
                                C - ring "Wopubbag" {MR+ AC+1 Dex+3}

@: barbed spikes, gold aura
A: almost no armour, stealthy swim, amphibious, 8 rings, constrict 8, camouflage
1, fire resistance 1, strong 1, gelatinous body 1
a: Potion Petition, Call Merchant, Bribe Branch, Renounce Religion


You were on level 4 of the Shoals.
You worshipped Gozag.
Gozag was pleased with you.
You were near starving.

You visited 5 branches of the dungeon, and saw 26 of its levels.
You also visited: Sewer.

You collected 8386 gold pieces.
You spent 3915 gold pieces at shops.
You paid 3694 gold pieces to Gozag.

Inventory:

Hand Weapons
 L - a +6 scimitar of flaming (weapon)
Missiles
 e - 22 javelins of penetration
 D - 28 javelins (quivered)
 J - 24 silver javelins
 K - 13 tomahawks of dispersal
 Y - 30 javelins of returning
 Z - 7 throwing nets {+f}
Armour
 b - a +0 shield (worn)
 j - a +2 hat (worn)
Magical Staves
 B - an uncursed staff of wizardry {Wiz+}
Jewellery
 a - a +4 ring of intelligence (right tentacle)
 c - a ring of protection from cold (on tentacle) {rC+}
 f - a ring of protection from fire (on tentacle) {rF+}
 g - an uncursed ring of resist corrosion
 m - a ring of protection from magic (on tentacle) {MR+}
 o - a ring of poison resistance (on tentacle) {rPois}
 p - a +3 amulet of reflection (around mantle)
 r - an uncursed amulet of regeneration {+Regen}
 s - an uncursed amulet of rage {+Rage}
 t - a ring of wizardry (left tentacle) {Wiz+}
 w - an uncursed ring of positive energy {rN+}
 C - the ring "Wopubbag" (on tentacle) {MR+ AC+1 Dex+3}
   (You acquired it on level 3 of the Lair of Beasts)

   [ring of protection]

   It affects your AC (+1).
   It affects your dexterity (+3).
   It affects your resistance to hostile enchantments.
 F - an uncursed ring of ice {rC+ rF-}
 S - a +5 ring of strength (on tentacle)
 W - an uncursed ring of wizardry {Wiz+}
Wands
 E - a wand of enslavement (8)
 I - a wand of iceblast (9)
 P - a wand of paralysis (4)
Scrolls
 d - 4 scrolls of immolation
 n - 2 scrolls of enchant armour {unknown}
 q - 6 scrolls of amnesia
 A - a scroll of torment {unknown}
 G - a scroll of brand weapon
 M - 3 scrolls of magic mapping
 N - 16 scrolls of remove curse {@r2}
 T - 5 scrolls of teleportation {@r3}
 V - 4 scrolls of fog
 X - 3 scrolls of blinking {unknown}
Potions
 h - 3 potions of brilliance {Archmagi Int+5 Wiz++}
 i - 4 potions of agility {Stlth+ Dex+5 EV+5 | @q4}
 k - a potion of heal wounds {@q1}
 l - 6 potions of flight
 u - a potion of invisibility
 v - 4 potions of mutation {!q}
 x - 3 potions of might {Str+5 DMG+1d10 | @q3}
 y - 2 potions of magic
 H - 2 potions of haste {@q5}
 O - 4 potions of ambrosia
 Q - 12 potions of curing {@q2}
 U - a potion of cancellation
Comestibles
 z - 39 rations


   Skills:
 - Level 10.5 Fighting
 - Level 14.0 Long Blades
 - Level 10.1 Dodging
 - Level 6.0 Stealth
 - Level 15.3 Shields
 - Level 2.9 Spellcasting
 - Level 3.1 Conjurations
 - Level 3.1 Hexes
 - Level 3.3 Necromancy
 - Level 3.1 Translocations
 + Level 7.6 Transmutations
 - Level 3.0 Fire Magic
 - Level 3.1 Air Magic
 + Level 7.6 Earth Magic
 - Level 3.8 Poison Magic


You had one spell level left.
You knew the following spells:

 Your Spells              Type           Power        Failure   Level  Hunger
b - Animate Skeleton      Necr           N/A          1%          1    None
d - Regeneration          Chrm/Necr      #.........   10%         3    ###....
j - Conjure Flame         Conj/Fire      ##......     6%          3    ###....
m - Mephitic Cloud        Conj/Pois/Air  ##......     4%          3    ###....
q - Confusing Touch       Hex            ##....       1%          1    None
R - Blink                 Tloc           N/A          2%          2    ##.....
Y - Statue Form           Tmut/Erth      ####.....    38%         6    #######

Your spell library contained the following spells:

 Spells                   Type           Power        Failure   Level  Hunger
 Apportation              Tloc           ##....       1%          1    None
 Corona                   Hex            ##.....      1%          1    None
 Magic Dart               Conj           ##..         1%          1    None
 Sandblast                Erth           ####..       1%          1    None
 Infusion                 Chrm           #...         7%          1    None
 Summon Small Mammal      Summ           #...         7%          1    None
 Passwall                 Tmut/Erth      ####....     1%          2    ##.....
 Slow                     Hex            ##......     2%          2    ##.....
 Stone Arrow              Conj/Erth      ###...       2%          3    ###....
 Petrify                  Tmut/Erth      ####....     2%          4    ####...
 Shroud of Golubria       Chrm/Tloc      #.........   5%          2    ##.....
 Swiftness                Chrm/Air       #.......     5%          2    ##.....
 Lee's Rapid Deconstruct  Erth           ####......   9%          5    ######.
 Call Imp                 Summ           #.......     11%         2    ##.....
 Song of Slaying          Chrm           #.......     11%         2    ##.....
 Spectral Weapon          Hex/Chrm       #.......     11%         3    ###....
 Ice Form                 Ice/Tmut       ###.....     14%         4    ####...
 Passage of Golubria      Tloc           N/A          17%         4    ####...
 Irradiate                Conj/Tmut      ###.......   21%         5    ######.
 Yara's Violent Unravell  Hex/Tmut       ###.......   21%         5    ######.
 Bolt of Magma            Conj/Fire/Erth ###.......   26%         5    ######.
 Venom Bolt               Conj/Pois      ###.......   38%         5    ######.
 Hydra Form               Tmut           ####......   38%         6    #######
 Iskenderun's Battlesphe  Conj/Chrm      #.......     65%         5    ######.
 Metabolic Englaciation   Hex/Ice        #.........   65%         5    ######.
 Iron Shot                Conj/Erth      ###.......   69%         6    #######
 Dragon Form              Tmut           ####......   91%         7    #######
 Darkness                 Hex            ##........   93%         6    #######
 Invisibility             Hex            ##......     93%         6    #######
 Freezing Cloud           Conj/Ice/Air   ##........   98%         6    #######
 Bolt of Cold             Conj/Ice       #.........   99%         6    #######
 Simulacrum               Ice/Necr       #.........   99%         6    #######
 Ozocubu's Refrigeration  Ice            #.........   100%        6    #######
 Orb of Destruction       Conj           ##........   100%        7    #######
 Spellforged Servitor     Conj/Summ      #.........   100%        7    #######
 Controlled Blink         Tloc           N/A          100%        8    #######


Dungeon Overview and Level Annotations

Branches:
Dungeon (13/15)            Temple (1/1) D:7            Lair (6/6) D:10
 Shoals (4/4) Lair:3       Spider (0/4) Lair:2        Slime (0/5) Lair:6
    Orc (2/2) D:9             Elf (0/3) Orc:2
 Vaults: D:13-14

Altars:
Ashenzari
Cheibriados
Dithmenos
Elyvilon
Fedhas
Gozag
Hepliaklqana
Kikubaaqudgha
Makhleb
Nemelex Xobeh
Okawaru
Qazlal
Ru
Sif Muna
Trog
Uskayaw
Vehumet
Wu Jian
Xom
Yredelemnul
Zin
The Shining One
Beogh
Jiyva

Shops:
D:11 (   Orc:1 :   Orc:2 ([*:

Annotations:
D:10 2 transporters, Shinnjin's ghost, journeyman MiBe
Shoals:2 4 transporters, kraken


Innate Abilities, Weirdness & Mutations

You cannot wear most types of armour.
You are very stealthy in the water. (Stealth+)
You are amphibious.
You can wear up to eight rings at the same time.
You can use your tentacles to constrict eight enemies at once.
Your skin changes colour to match your surroundings (Stealth+).
Your rubbery body absorbs attacks. (AC +1, EV +1)
Your flesh is heat resistant. (rF+)
Your muscles are strong. (Str +2)


Message History

Quiver which item? (- for none, * to show all) (? for menu, Esc to quit)
Okay, then.
Unknown command.
Unknown command.
Unknown command.
Throwing (i - inventory. (/) - cycle)
D - 29 javelins (quivered)
Press: ? - help, Shift-Dir - straight line, f/p - manticore
Aim: a manticore (lightly wounded)
You throw a javelin. The javelin hits the manticore.
The manticore is lightly wounded.
A harpy comes into view.
The manticore flicks its tail.
The volley of spikes hits you!
The barbed spikes become lodged in your body.
* * * LOW HITPOINT WARNING * * *
The manticore flicks its tail.
The volley of spikes hits you!
The barbed spikes become lodged in your body.
You die...
Your body crumbles into a pile of gold.

≈,,**..≈#*,,,##.≈≈≈≈≈.........≈≈≈
≈,**.....#####...H≈≈≈.........≈≈≈
≈,......≈≈≈......≈≈≈≈≈≈......≈.≈≈
≈,......≈≈.......≈≈≈≈≈≈...$..≈.≈≈
,,.....≈≈.......≈≈≈≈≈≈≈≈.....!.≈≈
,,..............≈≈≈≈≈≈≈≈..≈...≈≈≈
≈,≈≈............≈≈≈≈≈≈≈≈......≈≈≈
≈≈≈≈≈..........≈≈≈≈≈≈≈≈≈......≈≈≈
≈≈≈≈≈..#.....$.≈@≈≈≈$≈≈≈......≈≈≈
≈≈≈≈≈.###.<....≈≈≈≈≈≈≈........≈≈≈
≈≈≈≈≈≈≈≈≈....H..≈)≈≈≈......}..≈≈≈
,≈≈≈≈≈≈≈≈≈......≈)#####.......≈≈≈
,≈≈≈≈≈≈≈≈≈......)##≈≈≈*#......≈≈≈
,≈≈≈≈≈≈≈P........#,≈≈≈,*......≈≈≈
,≈≈≈≈≈≈≈≈.P..###.#,,,,,+......≈≈≈
,≈≈≈≈≈≈≈≈.PP###.<#,,,,,#......≈≈≈
,≈≈≈≈≈≈≈≈....##..##,,,##......≈≈≈


You could see a manticore and a harpy.

Vanquished Creatures
  Saint Roka (Orc:1)
  An orc warlord (Orc:2)
  Azrael (D:12)
  A dire elephant (Lair:2)
  A minotaur (Shoals:1)
  3 merfolk javelineers
  Snorg (D:12)
  2 merfolk impalers
  2 hydras
  Harold (Orc:1)
  Erolcha (D:10)
  3 catoblepae (Lair:6)
  2 satyrs
  2 merfolk aquamancers (Shoals:4)
  A two-headed ogre (D:12)
  A tengu warrior (D:12)
  11 death yaks
  4 orc high priests (Orc:2)
  Urug (D:12)
  5 sea snakes
  2 unseen horrors
  Pikel (D:5)
  An oklob plant (Lair:3)
  A deep elf mage (D:12)
  6 harpies
  5 orc knights
  3 ugly things (D:12)
  7 manticores
  4 fauns (Shoals:1)
  4 orc sorcerers (Orc:2)
  19 elephants
  9 merfolk sirens
  3 cyclopes
  A water nymph (Shoals:4)
  2 black mambas
  9 spiny frogs
  2 kobold demonologists (D:12)
  2 rime drakes
  4 komodo dragons
  8 trolls
  A tengu conjurer (D:12)
  3 meliai (Shoals:1)
  A jumping spider (Lair:2)
  20 merfolk
  A polar bear (Lair:4)
  2 wind drakes (Shoals:4)
  11 dream sheep
  Grinder (D:4)
  16 blink frogs
  9 snapping turtles
  5 hippogriffs
  2 fire elementals (D:12)
  A spriggan (Lair:2)
  2 water elementals (Shoals:4)
  3 wyverns
  48 yaks
  5 basilisks
  4 wargs
  4 hungry ghosts
  6 water moccasins
  Menkaure (D:4)
  4 hell hounds (D:12)
  Duvessa (D:4)
  10 porcupines
  3 ice beasts
  45 orc warriors
  4 slaves (D:5)
  3 phantoms
  2 sky beasts
  3 black bears
  13 ogres
  18 wolves
  11 centaurs
  7 crocodiles
  6 big kobolds
  13 bullfrogs
  Blork the orc (D:4)
  5 scorpions
  Dowan (D:4)
  3 killer bees (D:7)
  A wight (D:10)
  4 howler monkeys
  2 electric eels
  A lava snake (D:7)
  A bullfrog zombie (D:12)
  4 crimson imps
  2 centaur zombies
  2 hounds
  18 orc priests
  3 bullfrog skeletons
  A centaur skeleton (D:10)
  A gnoll shaman (D:4)
  10 jellies
  38 orc wizards
  Jessica (D:2)
  4 iguanas
  Natasha (thrice) (D:4)
  6 worker ants
  2 hound skeletons
  A worker ant zombie (D:5)
  Robin (D:2)
  8 gnolls
  A howler monkey skeleton (D:4)
  22 adders
  A shadow imp (D:8)
  13 oozes
  An adder skeleton (D:5)
  8 worms
  2 dart slugs (D:2)
  5 leopard geckos
  107 orcs
  6 giant cockroaches
  14 goblins
  14 hobgoblins
  5 jackals
  6 quokkas
  2 ball pythons
  14 bats
  6 frilled lizards
  A jackal skeleton (D:5)
  A jackal zombie (D:7)
  34 kobolds
  A leopard gecko skeleton (D:4)
  A quokka zombie (D:8)
  5 rats
  2 fungi (Lair:3)
823 creatures vanquished.

Vanquished Creatures (others)
  A merfolk javelineer (Shoals:1)
  A manticore (Shoals:3)
  A merfolk (Shoals:4)
  49 fungi
  7 plants
  6 tentacles (Shoals:2)
65 creatures vanquished.

Grand Total: 888 creatures vanquished

Notes
Turn   | Place    | Note
-------+----------+-------------------------------------------
     0 | D:1      | Redear the Octopode Fighter began the quest for the Orb.
     0 | D:1      | Reached XP level 1. HP: 16/16 MP: 1/1
   310 | D:1      | Reached XP level 2. HP: 19/21 MP: 2/2
   523 | D:1      | Reached skill level 1 in Stealth
   871 | D:2      | Noticed Jessica
   965 | D:2      | Reached XP level 3. HP: 26/26 MP: 3/3
  1354 | D:2      | Reached skill level 2 in Stealth
  1391 | D:2      | Reached XP level 4. HP: 31/31 MP: 4/4
  1399 | D:2      | Found a shadowy altar of Dithmenos.
  1574 | D:2      | Killed Jessica
  1630 | D:2      | Noticed Robin
  1779 | D:2      | Killed Robin
  1779 | D:2      | Reached XP level 5. HP: 36/36 MP: 5/5
  2425 | D:3      | Reached skill level 3 in Long Blades
  2501 | D:3      | Found a glowing drain.
  2513 | D:3      | Reached skill level 3 in Stealth
  2574 | Sewer    | Entered a sewer
  2594 | Sewer    | Noticed a big kobold
  2601 | Sewer    | Killed a big kobold
  2601 | Sewer    | Reached skill level 4 in Fighting
  2601 | Sewer    | Reached skill level 4 in Shields
  2601 | Sewer    | Reached XP level 6. HP: 28/43 MP: 6/6
  2811 | Sewer    | Reached skill level 4 in Dodging
  3088 | D:3      | You fall through a shaft for 2 floors!
  3088 | D:5      | Entered Level 5 of the Dungeon
  3118 | D:5      | Reached skill level 4 in Stealth
  3142 | D:5      | Reached XP level 7. HP: 47/49 MP: 7/7
  3225 | D:4      | Noticed Natasha
  3226 | D:4      | Noticed Menkaure
  3236 | D:4      | Killed Natasha
  3375 | D:4      | Killed Menkaure
  3459 | D:4      | Noticed Natasha
  3464 | D:4      | Killed Natasha
  3480 | D:4      | Noticed Natasha
  3488 | D:4      | Killed Natasha
  3488 | D:4      | Reached skill level 4 in Long Blades
  3891 | D:4      | Noticed Blork the orc
  4029 | D:3      | Reached skill level 5 in Stealth
  4213 | D:4      | Noticed Grinder
  4224 | D:4      | Killed Grinder
  4224 | D:4      | Reached skill level 5 in Fighting
  4224 | D:4      | Reached skill level 5 in Dodging
  4224 | D:4      | Reached skill level 5 in Shields
  4224 | D:4      | Reached XP level 8. HP: 28/55 MP: 8/8
  4639 | D:4      | Killed Blork the orc
  4668 | D:4      | Learned a level 1 spell: Animate Skeleton
  4670 | D:4      | Learned a level 1 spell: Confusing Touch
  4752 | D:4      | Reached skill level 6 in Stealth
  4887 | D:4      | Noticed Duvessa
  4927 | D:4      | Noticed Dowan
  4956 | D:4      | Found a radiant altar of Vehumet.
  5057 | D:4      | Killed Dowan
  5077 | D:4      | Killed Duvessa
  5077 | D:4      | Reached skill level 5 in Long Blades
  5687 | D:5      | Noticed Pikel
  5894 | D:5      | Killed Pikel
  5894 | D:5      | Reached skill level 6 in Fighting
  5894 | D:5      | Reached skill level 6 in Dodging
  5894 | D:5      | Reached skill level 6 in Shields
  5894 | D:5      | Reached XP level 9. HP: 38/62 MP: 9/9
  6469 | D:5      | Reached skill level 6 in Long Blades
  7055 | D:6      | Reached skill level 7 in Shields
  7250 | D:6      | Noticed a troll
  7344 | D:6      | Reached skill level 7 in Fighting
  7347 | D:6      | Reached skill level 7 in Dodging
  7444 | D:6      | Reached XP level 10. HP: 36/71 MP: 10/10
  7788 | D:6      | Reached skill level 7 in Long Blades
  7967 | D:6      | Found a white marble altar of Elyvilon.
  8215 | D:7      | Found a staircase to the Ecumenical Temple.
  8249 | Temple   | Entered the Ecumenical Temple
  8555 | Temple   | Became a worshipper of Gozag Ym Sagoz the Greedy
  9457 | D:7      | Found an ancient bone altar of Kikubaaqudgha.
  9912 | D:8      | Reached skill level 8 in Shields
 10120 | D:8      | Gained mutation: Your muscles are strong. (Str +2) [potion
                  | of mutation]
 10120 | D:8      | Gained mutation: You tend to lose your temper in combat.
                  | [potion of mutation]
 10120 | D:8      | Lost mutation: You tend to lose your temper in combat.
                  | [potion of mutation]
 10120 | D:8      | Gained mutation: Your flesh is heat resistant. (rF+)
                  | [potion of mutation]
 10178 | D:8      | Reached skill level 8 in Fighting
 10402 | D:8      | Found a sacrificial altar of Ru.
 10526 | D:8      | Reached skill level 8 in Dodging
 10963 | D:9      | Found a sparkling altar of Nemelex Xobeh.
 11005 | D:9      | Found a blossoming altar of Fedhas.
 11061 | D:9      | Found a staircase to the Orcish Mines.
 11226 | D:9      | Found a roughly hewn altar of Beogh.
 11335 | D:9      | Reached skill level 8 in Long Blades
 11667 | D:10     | Entered Level 10 of the Dungeon
 11814 | D:10     | Noticed a manticore
 11826 | D:10     | Noticed a two-headed ogre
 11827 | D:10     | Killed a manticore
 11827 | D:10     | Reached XP level 11. HP: 36/78 MP: 11/11
 11931 | D:10     | Learned a level 2 spell: Blink
 11935 | D:10     | Learned a level 3 spell: Mephitic Cloud
 11939 | D:10     | Learned a level 3 spell: Conjure Flame
 12538 | D:10     | Found a transporter.
 12540 | D:10     | Identified the +5 dire flail of Classification {speed,
                  | Str+2}
 12540 | D:10     | Identified the +11 great mace of Lipsuxyny {vamp, Dex+5}
 12540 | D:10     | Noticed a two-headed ogre
 12542 | D:10     | Noticed Shinnjin's ghost (journeyman MiBe)
 12544 | D:10     | Found a transporter.
 12551 | D:10     | Noticed Erolcha
 12583 | D:10     | Found a staircase to the Lair.
 13347 | D:11     | Noticed a six-headed hydra
 13375 | D:11     | Killed a six-headed hydra
 13375 | D:11     | Reached skill level 9 in Fighting
 13375 | D:11     | Reached skill level 9 in Dodging
 13375 | D:11     | Reached skill level 9 in Shields
 13964 | D:11     | Killed an unseen horror
 14168 | D:11     | Found Eserome's Weapon Shoppe.
 14859 | D:12     | Noticed a tengu warrior
 15137 | D:12     | Killed an unseen horror
 15329 | D:12     | Noticed Urug
 15367 | D:12     | Noticed a cyan ugly thing
 15380 | D:12     | Killed a cyan ugly thing
 15777 | D:12     | Noticed Azrael
 15877 | D:12     | Noticed a cyclops
 15884 | D:12     | Killed a cyclops
 15884 | D:12     | Reached skill level 10 in Fighting
 15884 | D:12     | Reached skill level 10 in Shields
 15884 | D:12     | Reached XP level 12. HP: 87/87 MP: 12/12
 15902 | D:12     | Reached skill level 10 in Dodging
 15910 | D:12     | Noticed a two-headed ogre
 15914 | D:12     | Noticed a soul eater
 15920 | D:12     | Killed a two-headed ogre
 16132 | D:12     | Reached skill level 11 in Shields
 16514 | D:12     | Killed Azrael
 16594 | D:12     | Reached skill level 9 in Long Blades
 16921 | D:12     | Killed a tengu warrior
 16943 | D:12     | Reached skill level 12 in Shields
 16992 | D:12     | Noticed Snorg
 17018 | D:12     | Killed Snorg
 17210 | D:12     | Killed Urug
 17263 | D:13     | Noticed a centaur warrior
 17567 | D:10     | Killed Erolcha
 17567 | D:10     | Reached skill level 10 in Long Blades
 17647 | Lair:1   | Entered Level 1 of the Lair of Beasts
 17722 | Lair:1   | Reached XP level 13. HP: 92/92 MP: 13/13
 17993 | Lair:1   | Reached skill level 13 in Shields
 18137 | Lair:1   | Reached skill level 11 in Long Blades
 18883 | Lair:2   | Noticed a dire elephant
 19065 | Lair:2   | Killed a dire elephant
 19115 | Lair:2   | HP: 7/92 [elephant (17)]
 19597 | Lair:2   | Found a hole to the Spider Nest.
 19598 | Lair:2   | You fall through a shaft for 2 floors!
 19666 | Lair:3   | Reached skill level 12 in Long Blades
 19677 | Lair:3   | Reached skill level 14 in Shields
 19689 | Lair:3   | HP: 6/92 [merfolk/+0 trident (26)]
 19930 | Lair:3   | Identified 2 scrolls of acquirement
 19948 | Lair:3   | Got a pitted glass ring
 19950 | Lair:3   | Identified the ring "Wopubbag" {MR+ AC+1 Dex+3} (You
                  | acquired it on level 3 of the Lair of Beasts)
 20381 | Lair:3   | Found a staircase to the Shoals.
 20968 | Lair:2   | Reached XP level 14. HP: 99/99 MP: 14/14
 22102 | Lair:4   | Reached skill level 13 in Long Blades
 22873 | Lair:5   | Reached skill level 15 in Shields
 23244 | Lair:6   | Entered Level 6 of the Lair of Beasts
 23326 | Lair:6   | Found a viscous altar of Jiyva.
 23326 | Lair:6   | Found a staircase to the Slime Pits.
 23627 | Lair:6   | Reached skill level 14 in Long Blades
 23899 | Lair:6   | Reached skill level 1 in Air Magic
 23899 | Lair:6   | Reached skill level 1 in Poison Magic
 24050 | Lair:6   | Reached skill level 1 in Spellcasting
 24050 | Lair:6   | Reached skill level 1 in Conjurations
 24050 | Lair:6   | Reached skill level 1 in Hexes
 24050 | Lair:6   | Reached skill level 1 in Necromancy
 24050 | Lair:6   | Reached skill level 1 in Translocations
 24050 | Lair:6   | Reached skill level 1 in Fire Magic
 24209 | Lair:6   | Reached skill level 2 in Poison Magic
 24546 | Lair:6   | Reached skill level 2 in Translocations
 24602 | Lair:6   | Reached skill level 2 in Necromancy
 24604 | Lair:6   | Reached skill level 2 in Air Magic
 24607 | Lair:6   | Reached skill level 2 in Conjurations
 24635 | Lair:6   | Reached skill level 2 in Hexes
 24635 | Lair:6   | Reached skill level 2 in Fire Magic
 24896 | Orc:1    | Entered Level 1 of the Orcish Mines
 24957 | Orc:1    | Found Ynue's Book Shoppe.
 25006 | Orc:1    | Reached skill level 2 in Spellcasting
 25148 | Orc:2    | Entered Level 2 of the Orcish Mines
 25149 | Orc:2    | Noticed Saint Roka
 25159 | Orc:2    | Reached XP level 15. HP: 103/103 MP: 18/18
 25181 | Orc:1    | Killed Saint Roka
 25181 | Orc:1    | Reached skill level 3 in Poison Magic
 25379 | Orc:1    | Paralysed by fainting for 10 turns
 25429 | Orc:2    | Reached skill level 3 in Necromancy
 25938 | Orc:2    | Reached skill level 3 in Translocations
 26283 | Orc:2    | Upgraded the game from 0.24-a0-254-gf493760c10 to
                  | 0.24-a0-258-gb86c0f735e
 26415 | Orc:2    | Reached skill level 3 in Conjurations
 26422 | Orc:2    | Reached skill level 3 in Air Magic
 26593 | Orc:2    | Reached skill level 3 in Hexes
 26624 | Orc:2    | Noticed an orc warlord
 26875 | Orc:2    | Reached skill level 3 in Fire Magic
 27278 | Orc:2    | Found a staircase to the Elven Halls.
 27515 | Orc:2    | Paralysed by fainting for 10 turns
 27526 | Orc:2    | Paralysed by fainting for 6 turns
 27669 | Orc:2    | Killed an orc warlord
 28024 | Orc:2    | Found Mifirero's Antique Armour Emporium.
 28025 | Orc:2    | Found Xacli's Antique Weapon Emporium.
 28027 | Orc:2    | Found Guomexkoi's General Store.
 28027 | Orc:2    | Found Inykiluh's Book Shoppe.
 28149 | Orc:2    | Bought a book of Burglary for 1050 gold pieces
 28149 | Orc:2    | Bought a book of Transfigurations for 770 gold pieces
 28157 | Orc:2    | Learned a level 6 spell: Statue Form
 28366 | Orc:1    | Reached skill level 1 in Transmutations
 28366 | Orc:1    | Reached skill level 1 in Earth Magic
 28376 | Orc:1    | Noticed Harold
 28392 | Orc:1    | Killed Harold
 28814 | Orc:2    | Bought a book of Battle for 600 gold pieces
 28819 | Orc:2    | Learned a level 3 spell: Regeneration
 29028 | D:10     | Bought a ration for 65 gold pieces
 29028 | D:10     | Bought a ration for 65 gold pieces
 29028 | D:10     | Bought a ration for 65 gold pieces
 29028 | D:10     | Bought a ration for 65 gold pieces
 29028 | D:10     | Bought a ration for 65 gold pieces
 29028 | D:10     | Bought a ration for 65 gold pieces
 29028 | D:10     | Bought a ration for 65 gold pieces
 29028 | D:10     | Bought a ration for 65 gold pieces
 29028 | D:10     | Bought a ration for 65 gold pieces
 29028 | D:10     | Bought a ration for 65 gold pieces
 29130 | Shoals:1 | Entered Level 1 of the Shoals
 29139 | Shoals:1 | Reached skill level 2 in Earth Magic
 29181 | Shoals:1 | Reached skill level 2 in Transmutations
 29407 | Shoals:1 | Found a hide-covered altar of Uskayaw.
 29522 | Shoals:1 | Reached skill level 3 in Transmutations
 29522 | Shoals:1 | Reached skill level 3 in Earth Magic
 29817 | Shoals:1 | Reached skill level 4 in Transmutations
 29817 | Shoals:1 | Reached skill level 4 in Earth Magic
 30394 | Shoals:2 | Found a transporter.
 30614 | Shoals:2 | Reached skill level 5 in Transmutations
 30614 | Shoals:2 | Reached skill level 5 in Earth Magic
 30666 | Shoals:2 | Found Eduidu's Food Shop.
 30677 | Shoals:2 | Bought a ration for 65 gold pieces
 30677 | Shoals:2 | Bought a ration for 65 gold pieces
 30677 | Shoals:2 | Bought a ration for 65 gold pieces
 30677 | Shoals:2 | Bought a ration for 65 gold pieces
 30677 | Shoals:2 | Bought a ration for 65 gold pieces
 30677 | Shoals:2 | Bought a ration for 65 gold pieces
 30677 | Shoals:2 | Bought a ration for 65 gold pieces
 30677 | Shoals:2 | Bought a ration for 65 gold pieces
 30677 | Shoals:2 | Bought a ration for 65 gold pieces
 30677 | Shoals:2 | Bought a ration for 65 gold pieces
 30677 | Shoals:2 | Bought a ration for 65 gold pieces
 30677 | Shoals:2 | Bought a ration for 65 gold pieces
 30677 | Shoals:2 | Bought a ration for 65 gold pieces
 30698 | Shoals:2 | Noticed a kraken
 30819 | Shoals:2 | Found a transporter.
 31025 | Shoals:2 | Found a transporter.
 31104 | Shoals:2 | Found a transporter.
 31157 | Shoals:3 | Reached XP level 16. HP: 110/110 MP: 20/20
 31368 | Shoals:3 | Reached skill level 6 in Transmutations
 31368 | Shoals:3 | Reached skill level 6 in Earth Magic
 31442 | Shoals:3 | Identified the Collected Works on the Fetching Voyage
 31718 | Shoals:4 | Entered Level 4 of the Shoals
 31942 | Shoals:3 | Reached skill level 7 in Transmutations
 31942 | Shoals:3 | Reached skill level 7 in Earth Magic
 32504 | Shoals:4 | Killed from afar by a manticore

Levels and vault maps discovered:
D:1:      moated_graveyard_arrival, layout_basic, minmay_misc_feat_more_columns
D:2:      minmay_razor_zed, layout_basic, lemuel_coloured_pillars_altar,
          due_unseen_surprise, uniq_jessica, uniq_robin
D:3:      layout_rooms, gup_sewer_entry_glass, first_ration,
          minmay_crystal_room, st_stairs_3
D:4:      layout_basic, kennysheep_mini_moat, uniq_natasha, uniq_blork_the_orc,
          uniq_duvessa, uniq_menkaure, uniq_grinder
D:5:      cheibrodos_helix_gallery, layout_cave_pools, uniq_pikel
D:6:      layout_rooms, elyvilon_altar_5, serial_bayou_pond_b
D:7:      layout_rooms, temple_pool_b, grunt_ogre_cave, kennysheep_diamond
D:8:      layout_loops_ring, serial_bayou_lagoon_a, nicolae_two_hexagons,
          nicolae_ru_the_path_less_chosen
D:9:      layout_irregular_city, lemuel_round_altar, lemuel_crystal_altar,
          minmay_orc_entry_temple_small
D:10:     layout_long_grid, due_lair_maze_entry_diamond, gammafunk_ghost_smash,
          kennysheep_generic_room_10, uniq_erolcha
D:11:     layout_gridville, serial_shops, shop
D:12:     layout_irregular_city, kennysheep_big_empty_room, uniq_snorg,
          uniq_urug, uniq_azrael
D:13:     layout_rooms, lemuel_flamethrower_2
Temple:   minmay_temple_bridge_d
Lair:1:   layout_chaotic_city, grunt_forest_small_clearing_treed
Lair:2:   mu_elephants_graveyard, layout_chaotic_city, spider_nest_entry_a
Lair:3:   lemuel_slime, layout_chaotic_city, elwin_shoals_entry_rooms
Lair:4:   layout_regular_city, serial_bayou_shore_b
Lair:5:   layout_regular_city, serial_bayou_shore_b
Lair:6:   evilmike_catoblepas_cave, layout_small_grid, slime_altar_1
Shoals:1: layout_shoals, regret_index_shoals_crete
Shoals:2: gammafunk_the_bubble [the_bubble_gammafunk_roulette], layout_shoals,
          serial_shops, shop, nicolae_shoals_cliffside_cave
Shoals:3: layout_shoals
Shoals:4: shoals_end_simple, layout_shoals
Orc:1:    layout_caves, serial_shops, shop, uniq_harold
Orc:2:    st_orc_congregation, layout_caves, uniq_saint_roka
Sewer:    kennysheep_pipe_town

Skill      XL: |  1  2  3  4  5  6  7  8  9 10 11 12 13 14 15 16 |
---------------+-------------------------------------------------+-----
Stealth        | 1 2 3 4 5 6 |  6.0
Long Blades    | 3 4 5 6 8 10 12 14 | 14.0
Fighting       | 4 5 6 7 8 10 | 10.5
Shields        | 4 5 6 7 8 10 12 14 15 | 15.3
Dodging        | 4 5 6 7 8 9 10 | 10.1
Air Magic      | 2 3 |  3.1
Poison Magic   | 2 3 |  3.8
Spellcasting   | 2 |  2.9
Conjurations   | 2 3 |  3.1
Hexes          | 2 3 |  3.1
Necromancy     | 2 3 |  3.3
Translocations | 2 3 |  3.1
Fire Magic     | 2 3 |  3.0
Transmutations | 5 7 |  7.6
Earth Magic    | 5 7 |  7.6

Action                   |  1- 3 |  4- 6 |  7- 9 | 10-12 | 13-15 | 16-18 || total
-------------------------+-------+-------+-------+-------+-------+-------++-------
Melee: Long sword        |    42 |    78 |       |       |       |       ||   120
       Constrict         |    14 |    30 |    68 |    71 |   161 |    31 ||   375
       Tentacles         |     9 |    28 |    84 |   199 |   405 |    53 ||   778
       Short sword       |       |    49 |   326 |   329 |       |       ||   704
       Dagger            |       |       |       |   261 |       |       ||   261
       Scimitar          |       |       |       |    59 |  1073 |   156 ||  1288
Throw: Javelin           |       |       |       |    10 |    36 |    16 ||    62
 Cast: Regeneration      |       |       |       |       |    16 |    17 ||    33
       Mephitic Cloud    |       |       |       |       |     5 |     4 ||     9
       Blink             |       |       |       |       |     1 |       ||     1
       Statue Form       |       |       |       |       |       |     1 ||     1
Invok: Potion Petition   |       |       |       |       |     1 |       ||     1
       Call Merchant     |       |       |       |       |     1 |       ||     1
       Bribe Branch      |       |       |       |       |     1 |       ||     1
 Abil: Evoke Berserk Rag |       |       |     2 |     7 |     1 |       ||    10
Evoke: Wand              |       |       |     1 |     5 |       |       ||     6
  Use: Potion            |       |       |     7 |    12 |     6 |     4 ||    29
       Scroll            |       |       |     5 |    13 |    19 |     3 ||    40
 Stab: Sleeping          |     5 |    20 |    10 |    36 |    26 |     6 ||   103
       Distracted        |       |       |       |     5 |    11 |     1 ||    17
       Paralysed         |       |       |       |     1 |       |       ||     1
       Confused          |       |       |       |       |       |     4 ||     4
  Eat: Chunk             |     1 |     6 |    16 |     4 |       |       ||    27
       Ration            |       |       |       |    12 |    14 |     2 ||    28
Armor: Skin              |     3 |    20 |    23 |    31 |    28 |    16 ||   121
Dodge: Dodged            |    39 |    90 |   131 |   239 |   321 |    64 ||   884
Block: Shield            |       |     3 |   146 |   266 |   579 |   142 ||  1136
       Reflection        |       |       |       |       |    26 |    17 ||    43
       Rpst.: Long sword |     6 |    22 |       |       |       |       ||    28
       Scimitar          |       |       |       |    10 |    83 |     7 ||   100

Table legend:
 A = Non-vault XP
 B = Vault XP
 C = Vault XP percentage of total XP
 D = Non-vault monster count
 E = Vault monster count
 F = Vault count percentage of total count
                 A         B        C        D         E       F
            +---------+---------+-------+---------+---------+-------
      Total |   92031 |   58609 |  38.9 |     575 |     245 |  29.9
            +---------+---------+-------+---------+---------+-------
        D:1 |      17 |       0 |   0.0 |      11 |       0 |   0.0
        D:2 |     103 |      91 |  46.9 |      26 |      22 |  45.8
        D:3 |     141 |      33 |  19.0 |      28 |       6 |  17.6
        D:4 |     480 |     767 |  61.5 |      25 |       6 |  19.4
        D:5 |     990 |     620 |  38.5 |      32 |       2 |   5.9
        D:6 |    1326 |     458 |  25.7 |      32 |       3 |   8.6
        D:7 |    1331 |     247 |  15.7 |      25 |       2 |   7.4
        D:8 |     564 |       0 |   0.0 |      13 |       0 |   0.0
        D:9 |     936 |     366 |  28.1 |      12 |       9 |  42.9
       D:10 |    1213 |    2143 |  63.9 |      13 |      12 |  48.0
       D:11 |    3134 |       0 |   0.0 |      23 |       0 |   0.0
       D:12 |   11048 |    4226 |  27.7 |      47 |       9 |  16.1
     Lair:1 |    6316 |       0 |   0.0 |      25 |       0 |   0.0
     Lair:2 |    1666 |    7594 |  82.0 |       6 |      15 |  71.4
     Lair:3 |    6170 |    2043 |  24.9 |      35 |      21 |  37.5
     Lair:4 |    6288 |       0 |   0.0 |      18 |       0 |   0.0
     Lair:5 |    6542 |       0 |   0.0 |      18 |       0 |   0.0
     Lair:6 |    5883 |   11610 |  66.4 |      25 |      23 |  47.9
   Shoals:1 |    4648 |    7689 |  62.3 |      10 |      14 |  58.3
   Shoals:2 |    5302 |       0 |   0.0 |      12 |       0 |   0.0
   Shoals:3 |   15152 |       0 |   0.0 |      33 |       0 |   0.0
   Shoals:4 |    5371 |    1377 |  20.4 |      13 |       2 |  13.3
      Orc:1 |    4226 |    6133 |  59.2 |      43 |       2 |   4.4
      Orc:2 |    3184 |   12959 |  80.3 |      50 |      73 |  59.3
      Sewer |       0 |     253 | 100.0 |       0 |      24 | 100.0
            +---------+---------+-------+---------+---------+-------
